 Dungeon Crawl Stone Soup version 0.20.1-1-g8b1a95d (webtiles) character file.

138 myopia the Spear-Bearer (level 5, -2/38 HPs)
             Began as a Merfolk Gladiator on Jan 3, 2018.
             Slain by an orc warrior
             ... wielding a +0 scimitar
              (20 damage)
             ... on level 2 of the Dungeon.
             The game lasted 00:07:49 (2316 turns).

myopia the Spear-Bearer (Merfolk Gladiator)         Turns: 2316, Time: 00:07:50

Health: -2/38      AC:  6    Str: 15    XL:     5   Next: 21%
Magic:  5/5        EV: 14    Int:  7    God:
Gold:   90         SH:  0    Dex: 16    Spells: 4/4 levels left

rFire    . . .     SeeInvis .   a - +0 trident
rCold    . . .     Gourm    .   (no shield)
rNeg     . . .     Faith    .   b - +0 leather armour
rPois    .         Spirit   .   c - +0 helmet
rElec    .         Reflect  .   (no cloak)
rCorr    .         Harm     .   j - +1 pair of gloves
MR       .....                  (no boots)
Stlth    +.........             (no amulet)
Regen    0.2/turn               (no ring)
MPRegen  0.1/turn               (no ring)

@: no status effects
A: change form in water, swift swim, stealthy swim
a: no special abilities


You were on level 2 of the Dungeon.
You were hungry.

You visited 1 branch of the dungeon, and saw 3 of its levels.

You collected 90 gold pieces.

Inventory:

Hand Weapons
 a - a +0 trident (weapon)
Missiles
 d - 3 throwing nets (quivered)
Armour
 b - a +0 leather armour (worn)
 c - a +0 helmet (worn)
 j - a +1 pair of gloves (worn)
 t - a +0 shield
Wands
 s - a wand of confusion (38/48)
Scrolls
 h - 3 scrolls of remove curse
 k - a scroll of enchant armour
 m - 2 scrolls of amnesia
 n - 3 scrolls of identify
 p - a scroll of teleportation
 r - 2 scrolls of fog
Potions
 e - a potion of flight {unknown}
 g - a potion of invisibility
 v - a potion of mutation {unknown}
Comestibles
 f - 3 bread rations
 o - a meat ration


   Skills:
 - Level 2.1 Fighting
 + Level 8.3 Polearms
 - Level 2.0 Throwing
 - Level 4.0 Dodging


You had 4 spell levels left.
You didn't know any spells.

Dungeon Overview and Level Annotations

Branches:
Dungeon (3/15)

Altars:

Annotations:
D:3 Ijyb; awaves's ghost, amateur MiBe


Message History

The orc warrior is lightly wounded.
The orc warrior closely misses you.
You puncture the orc warrior!
The orc warrior is moderately wounded.
You completely miss the orc warrior.
The orc warrior is moderately wounded.
The orc warrior barely misses you.
You hit the orc warrior but do no damage.
The orc warrior is moderately wounded.
The orc warrior barely misses you.
You closely miss the orc warrior.
The orc warrior is moderately wounded.
The orc warrior barely misses you.
You barely miss the orc warrior.
The orc warrior is moderately wounded.
You hit the orc warrior but do no damage.
The orc warrior is moderately wounded.
The orc warrior hits you with a scimitar!!
Ouch! That really hurt!
You die...

#.......).................#..
#.....................###.###
#......#.####.##.###..###.#
#..#...#.####.##.# #)..##.#
#........##..=...# #.#.##.#
###.######.......### #......#
#.......##.......# ###.####
#..#....##....o..# #.#
#....##.##....@.)# ####.#
#.##....##.......# #....#
#.##.##.##.......# #.####
#.##.##.##.......# #.#
#.......########## #.#
####.#### #.#
#.################.#
#........#......##.#
####.###.#.#.......#


You could see an orc warrior.

Vanquished Creatures
  Jessica (D:3)
  5 adders
  An ooze (D:1)
  2 worms (D:2)
  4 dart slugs (D:2)
  A leopard gecko (D:1)
  A giant cockroach (D:2)
  6 goblins
  4 hobgoblins (D:2)
  6 jackals
  A quokka (D:2)
  8 bats
  3 frilled lizards
  4 kobolds
  5 rats
52 creatures vanquished.

Notes
Turn   | Place    | Note
-------+----------+-------------------------------------------
     0 | D:1      | myopia the Merfolk Gladiator began the quest for the Orb.
     0 | D:1      | Reached XP level 1. HP: 16/16 MP: 1/1
   107 | D:1      | Reached skill level 5 in Polearms
   111 | D:1      | Reached XP level 2. HP: 21/22 MP: 2/2
   697 | D:2      | Reached skill level 6 in Polearms
   697 | D:2      | Reached XP level 3. HP: 27/27 MP: 3/3
  1181 | D:2      | Reached skill level 7 in Polearms
  1181 | D:2      | Reached XP level 4. HP: 30/33 MP: 4/4
  1552 | D:3      | Noticed Jessica
  1578 | D:3      | Killed Jessica
  1593 | D:3      | Noticed awaves's ghost (amateur MiBe)
  1607 | D:3      | Noticed Ijyb
  1866 | D:3      | Reached skill level 8 in Polearms
  1866 | D:3      | Reached XP level 5. HP: 30/38 MP: 5/5
  2010 | D:2      | HP: 1/38 [poisoned by an adder]
  2298 | D:3      | Noticed an orc warrior
  2316 | D:2      | Slain by an orc warrior

Skill      XL: |  1  2  3  4 |
---------------+-------------+-----
Polearms       | 5 6 7 8 |  8.3
Fighting       | |  2.1
Throwing       | |  2.0
Dodging        | |  4.0

Action                   |  1- 3 |  4- 6 || total
-------------------------+-------+-------++-------
Melee: Trident           |   106 |   102 ||   208
  Use: Scroll            |       |     9 ||     9
       Potion            |       |     2 ||     2
 Stab: Sleeping          |     7 |       ||     7
  Eat: Chunk             |     1 |     3 ||     4
Armor: Leather armour    |    10 |    22 ||    32
Dodge: Dodged            |    53 |    69 ||   122
